 Dungeon Crawl Stone Soup version 0.30-a0-728-gc68057be0a (webtiles) character file.

Game seed: 7961793854933301713

113 jimonade the Shooter (level 4, -4/26 HPs)
             Began as a Deep Elf Hunter on Jan 30, 2023.
             Killed from afar by Ijyb (16 damage)
             ... with a bolt of dispelling energy
             ... on level 3 of the Dungeon.
             The game lasted 00:02:47 (2216 turns).

jimonade the Shooter (Deep Elf Hunter)              Turns: 2216, Time: 00:02:48

Health: -4/26      AC:  3    Str:  8    XL:     4   Next: 65%
Magic:  6/6        EV: 12    Int: 14    God:
Gold:   65         SH:  0    Dex: 20    Spells: 3/3 levels left

rFire   . . .      SeeInvis .    a - +0 shortbow
rCold   . . .      Faith    .    (shield currently unavailable)
rNeg    . . .      Spirit   .    c - +0 leather armour
rPois   .          Reflect  .    (no helmet)
rElec   .          Harm     .    (no cloak)
rCorr   .          Rampage  .    (no gloves)
Will    .....                    (no boots)
Stlth   ++                       (no amulet)
HPRegen 0.24/turn                (no ring)
MPRegen 0.10/turn                (no ring)

@: no status effects
A: no striking features
a: no special abilities


You were on level 3 of the Dungeon.
You visited 1 branch of the dungeon, and saw 3 of its levels.

You collected 65 gold pieces.

Inventory:

Hand Weapons
 a - a +0 shortbow (weapon)
 b - the +4 hand axe of Amorality {heavy, rF+ Will+ rCorr Str+2 Int-4}
   (You found it on level 2 of the Dungeon)

   Str:       It affects your strength (+2).
   Int:       It affects your intelligence (-4).
   rF:        It protects you from fire.
   rCorr:     It protects you from acid and corrosion.
   Will:      It increases your willpower.
Missiles
 i - 4 datura-tipped darts
Armour
 c - a +0 leather armour (worn)
Magical Staves
 m - a staff of conjuration
Jewellery
 r - a +4 ring of protection
Scrolls
 e - a scroll of poison
 n - a scroll of magic mapping {unknown}
 p - a scroll of amnesia
 q - a scroll of immolation
 s - a scroll of silence {unknown}
Potions
 d - a potion of magic {unknown}
 f - a potion of cancellation {unknown}
 g - a potion of berserk rage {unknown}
 h - a potion of flight {unknown}
 j - a potion of curing {unknown}
 k - 2 potions of invisibility {unknown}
 l - 2 potions of lignification
 o - a potion of mutation {unknown}


   Skills:
 + Level 2.2 Fighting
 * Level 7.4 Ranged Weapons
 + Level 0.3 Armour
 + Level 2.5 Dodging
 + Level 1.3 Stealth


You had 3 spell levels left.
You didn't know any spells.
Your spell library contained the following spells:

 Spells                   Type           Power      Damage    Failure   Level
 Cigotuvi's Dreadful Rot  Necr/Pois/Air  0%         N/A       52%         2
 Poisonous Vapours        Pois/Air       0%         N/A       52%         2
 Mephitic Cloud           Conj/Pois/Air  0%         N/A       77%         3


Dungeon Overview and Level Annotations

Branches:
Dungeon (3/15)

Altars:

Annotations:
D:3 Ijyb


Message History

You kill the quokka!
No target in view!
No target in view!
You enter the shallow water.
Moving in this stuff is going to be slow.
You open the door.
There is an open door here.
You now have 58 gold pieces (gained 6).
k - 2 brown potions (gained 1)
There is an open door here.
You open the door.
There is an open door here.
A hobgoblin comes into view.
You shoot an arrow. The arrow hits the hobgoblin!
You kill the hobgoblin!
No target in view!
No target in view!
Found a stone staircase leading down.
No target in view!
You now have 65 gold pieces (gained 7).
Ijyb the Twisted Goblin comes into view.
She is wielding a +0 club and carrying a wand of quicksilver (4).
Ijyb shouts!
You shoot an arrow. The arrow hits Ijyb.
Ijyb is moderately wounded.
Ijyb screams, "I no like you!"
Ijyb zaps a wand.
The bolt of dispelling energy hits you!
Ouch! That really hurt!
You are too injured to fight recklessly!
You are too injured to fight recklessly!
Unknown command.
You aren't carrying any items that you can evoke.
Unknown command.
Fire: a) +0 shortbow
Press: ? - help, Q - select action, (/) - cycle Shift-Dir - straight line, f/p - Ijyb
Aim: Ijyb, wielding a +0 club, wearing a +0 leather armour and carrying a wand of quicksilver (3) (moderately wounded, 60% to hit)
You shoot an arrow. The arrow hits Ijyb.
Ijyb is moderately wounded.
Ijyb zaps a wand.
The bolt of dispelling energy hits you!
Ouch! That really hurt!
You die...

~~#.......## ...
##.........## ..g
+.........'. ...
#.........## ##. #.#
##.......## .. ..#
##.....## #. #.#
##...## #.##.# ##'##
#..#@# #.# #..#.####
#.#
#.##.......######.###
#...................#
#####.##...##.#.....#
#.###.###.##...#....
#.....# #.###.#.####
#.##### #># ##### #.#
#.#


You could see Ijyb.

Vanquished Creatures
  4 gnolls (D:3)
  3 adders
  A worm (D:2)
  A dart slug (D:2)
  4 ball pythons
  3 bats
  3 endoplasms
  3 giant cockroaches
  3 goblins
  3 hobgoblins
  3 jackals (D:2)
  2 kobolds (D:1)
  A quokka (D:3)
  2 frilled lizards (D:1)
  9 rats
45 creatures vanquished.

Notes
Turn   | Place    | Note
-------+----------+-------------------------------------------
     0 | D:1      | jimonade the Deep Elf Hunter began the quest for the Orb.
     0 | D:1      | Reached XP level 1. HP: 12/12 MP: 3/3
   294 | D:1      | Reached XP level 2. HP: 16/16 MP: 4/4
   390 | D:1      | Reached skill level 6 in Ranged Weapons
   423 | D:1      | Found a faded altar of an unknown god.
  1055 | D:2      | Reached XP level 3. HP: 20/20 MP: 5/5
  1207 | D:2      | Identified the +4 hand axe of Amorality {heavy, rF+ Will+
                  | rCorr Str+2 Int-4}
  1744 | D:3      | Reached skill level 7 in Ranged Weapons
  1909 | D:3      | Reached XP level 4. HP: 17/26 MP: 6/6
  2214 | D:3      | Noticed Ijyb
  2216 | D:3      | Killed from afar by Ijyb

Illustrated notes

Levels and vault maps discovered:
D:1:      dpeg_arrival_tiny_a, layout_basic, chequers_ecumenical_altar_twisty
D:2:      layout_rooms, minmay_pentomino_r2
D:3:      wander_river, layout_loops_corners, lemuel_blue_sif_altar,
          dreamdust_princess_corridor, uniq_ijyb

Skill      XL: |  1  2  3 |
---------------+----------+-----
Ranged Weapons | 6 7 |  7.4
Fighting       | 2 |  2.2
Armour         | |  0.3
Dodging        | |  2.5
Stealth        | |  1.3

Action                     |  1- 3 |  4- 6 || total
---------------------------+-------+-------++-------
   Fire: Shortbow          |   120 |    27 ||   147
    Use: Scroll            |     5 |       ||     5
 Armour: Leather armour    |     8 |     5 ||    13
  Dodge: Dodged            |    25 |     7 ||    32

Table legend: (Time is in decaauts)
 A = Elapsed time spent in this place.
 B = Non-inter-level travel time spent in this place.
 C = Inter-level travel time spent in this place.
 D = Time resting spent in this place.
 E = Time spent auto-exploring this place.
 F = Levels seen in this place.
 G = Mean time per level.
                   A        B        C        D        E       F      G
               +--------+--------+--------+--------+--------+-----+--------+
         Total |   2252 |   2127 |    125 |    396 |   1428 |   3 |  750.7 |
       Dungeon |   2252 |   2127 |    125 |    396 |   1428 |   3 |  750.7 |
               +--------+--------+--------+--------+--------+-----+--------+

Top non-repeatable levels by time:
     D:1: 866 daAuts
     D:2: 836 daAuts
     D:3: 548 daAuts
